 Dungeon Crawl Stone Soup version 0.11.0-9-gb634444 (webtiles) character file.

319 Bart the Ruinous (level 5, 0/28 HPs)
             Began as a Deep Elf Conjurer on Oct 25, 2012.
             Succumbed to poison (a needle trap)
             ... in an ossuary.
             The game lasted 00:07:52 (1805 turns).

Bart the Ruinous (Deep Elf Conjurer)                Turns: 1805, Time: 00:07:52

HP   0/28        AC  2     Str  5      XL: 5   Next: 72%
MP  18/18        EV 18     Int 26      God:
Gold 91          SH  0     Dex 20      Spells:  2 memorised,  9 levels left

Res.Fire  : + . .   See Invis. : .   o - +0 spear
Res.Cold  : + . .   Warding    : .   a - +0 elf robe
Life Prot.: . . .   Conserve   : .   (no shield)
Res.Poison: +       Res.Corr.  : .   (no helmet)
Res.Elec. : +       Clarity    : .   (no cloak)
Sust.Abil.: . .     Spirit.Shd : .   (no gloves)
Res.Mut.  : .       Stasis     : .   (no boots)
Res.Rott. : .       Ctrl.Telep.: .   (no amulet)
Saprovore : . . .   Levitation : .   (no ring) Ctrl.Flight: .
                                     (no ring)

@: brilliant, agile, mildly poisoned, slightly resistant to hostile
enchantments, quite stealthy
A: no striking features
a: no special abilities


You were in an ossuary.
You were not hungry.

You visited 1 branch of the dungeon, and saw 5 of its levels.
You also visited: Ossuary.

You collected 71 gold pieces.

Inventory:

Hand weapons
 o - a +0,+0 spear (weapon)
 p - a -1,+1 orcish spear
Missiles
 f - a dart (quivered)
Armour
 a - a +0 elven robe (worn)
Scrolls
 d - 3 scrolls of identify {unknown}
 i - a scroll of enchant weapon I {unknown}
 l - a scroll of blinking {unknown}
Jewellery
 e - an uncursed ring of protection from magic {unknown}
 k - an uncursed amulet of conservation {unknown}
Books
 c - a book of Conjurations

   Spells                             Type                      Level
   *Magic Dart                        Conjuration                  1
   Throw Frost                        Conjuration/Ice              2
   *Mephitic Cloud                    Conjuration/Poison/Air       3
   Lightning Bolt                     Conjuration/Air              5
   Bolt of Cold                       Conjuration/Ice              6
   Freezing Cloud                     Conjuration/Ice/Air          6


   Skills:
 - Level 2.4 Dodging
 - Level 2.4 Stealth
 + Level 4.8 Spellcasting
 + Level 6.1 Conjurations
 + Level 2.1 Air Magic


You had 9 spell levels left.
You knew the following spells:

 Your Spells              Type           Power        Failure   Level  Hunger
a - Magic Dart            Conj           #####        1%          1    None
c - Mephitic Cloud        Conj/Pois/Air  ######...    1%          3    ##.....


Dungeon Overview and Level Annotations

Branches:
Dungeon (5/27)
 Temple: D:4-7

Altars:

Annotations
D:4 Sigmund


Message History

You start resting.
* * * LOW HITPOINT WARNING * * *
You feel sick.
You start resting.
* * * LOW HITPOINT WARNING * * *
You feel sick.
You start resting.
* * * LOW HITPOINT WARNING * * *
You feel sick.
You start resting.
* * * LOW HITPOINT WARNING * * *
You feel sick.
You start resting.
* * * LOW HITPOINT WARNING * * *
You feel sick.
You start resting.
* * * LOW HITPOINT WARNING * * *
You feel sick.
You start resting.
You die...

###################
#∩..#...#....#^..#.
#...#^^.'....'.^.'.
#...'.^.#....#^..#.
###'###############
#..^# #. #..^# #.
#...# #^ #^@^# #^
##### ## #. #. #.
#. #' #^ ### #####^


There were no monsters in sight!

Vanquished Creatures
  A water moccasin zombie (Ossuary)
  A big kobold zombie (Ossuary)
  2 vampire bats (D:4)
  3 adder zombies (Ossuary)
  A bat skeleton (D:4)
  2 gnoll zombies
  10 bats
  2 goblins
  7 hobgoblins
  2 kobolds (D:1)
  2 giant newts
  6 hobgoblin zombies (Ossuary)
  2 kobold zombies (Ossuary)
  8 orc zombies (Ossuary)
  A quokka (D:4)
  3 rats
  2 rat zombies (D:4)
55 creatures vanquished.

Notes
Turn   | Place    | Note
--------------------------------------------------------------
     0 | D:1      | Bart, the Deep Elf Conjurer, began the quest for the Orb.
     0 | D:1      | Reached XP level 1. HP: 10/10 MP: 4/4
   183 | D:1      | Reached XP level 2. HP: 10/15 MP: 7/7
   383 | D:4      | Noticed a vampire bat
   386 | D:4      | Killed a vampire bat
   386 | D:4      | Reached skill level 5 in Conjurations
   386 | D:4      | Reached XP level 3. HP: 19/19 MP: 7/10
   395 | D:4      | Learned a level 3 spell: Mephitic Cloud
   400 | D:4      | Noticed a vampire bat
   413 | D:4      | Killed a vampire bat
   413 | D:4      | Reached XP level 4. HP: 20/24 MP: 5/13
   498 | D:4      | Noticed Sigmund
   621 | D:5      | Entered Level 5 of the Dungeon
   644 | D:5      | Noticed a slave
   669 | D:5      | Noticed an ogre
   747 | D:4      | Found a sand-covered staircase.
   767 | Ossuary  | Entered an ossuary
   823 | Ossuary  | Reached skill level 1 in Air Magic
   823 | Ossuary  | Reached XP level 5. HP: 8/28 MP: 9/17
  1447 | Ossuary  | Reached skill level 6 in Conjurations
  1772 | Ossuary  | Paralysed by a potion of paralysis for 2 turns
  1804 | Ossuary  | HP: 1/28 [poison (a needle trap)]
  1805 | Ossuary  | Succumbed to poison (a needle trap)
